 Dungeon Crawl Stone Soup version 0.29-a0-486-ga88943ba61 (webtiles) character file.

Game seed: 4353186128407682024

77 Colgate the Sneak (level 4, 29/29 HPs)
             Began as a Kobold Brigand on May 26, 2022.
             Was a Follower of Fedhas.
             Quit the game on level 3 of the Dungeon.
             The game lasted 00:04:28 (2610 turns).

Colgate the Sneak (Kobold Brigand)                  Turns: 2610, Time: 00:04:28

Health: 29/29      AC:  3    Str:  8    XL:     4   Next: 58%
Magic:  4/4        EV: 14    Int: 12    God:    Fedhas [*.....]
Gold:   64         SH:  0    Dex: 18    Spells: 3/3 levels left

rFire   . . .      SeeInvis .   a - +2 dagger
rCold   . . .      Faith    .   (no shield)
rNeg    . . .      Spirit   .   b - +0 robe
rPois   .          Reflect  .   (no helmet)
rElec   .          Harm     .   c - +0 cloak
rCorr   .          Rampage  .   (no gloves)
Will    .....                   (no boots)
Stlth   ++++......              (no amulet)
HPRegen 0.09/turn               (no ring)
MPRegen 0.09/turn               (no ring)

@: no status effects
A: small, no large weapons, nightstalker 3
a: Renounce Religion


You were on level 3 of the Dungeon.
You worshipped Fedhas.
Fedhas was aware of your devotion.
You visited 1 branch of the dungeon, and saw 3 of its levels.

You collected 64 gold pieces.

Inventory:

Hand Weapons
 a - a +2 dagger (weapon)
Missiles
 d - 9 poisoned darts (quivered)
 e - 5 curare-tipped darts
 h - 5 atropa-tipped darts
 k - 4 boomerangs
Armour
 b - a +0 robe (worn)
 c - a +0 cloak (worn)
Magical Staves
 q - a staff of death
Scrolls
 g - a scroll of vulnerability {unknown}
 m - a scroll of amnesia {unknown}
 n - a scroll of fog {unknown}
 o - a scroll of identify {@r1}
 p - a scroll of enchant armour {unknown}
 r - a scroll of enchant weapon {unknown}
 s - a scroll of blinking {unknown}
Potions
 f - 2 potions of heal wounds {@q2}
 i - 2 potions of lignification {unknown}
 j - 2 potions of might {unknown}
 l - a potion of degeneration {unknown}


   Skills:
 - Level 4.0 Fighting
 - Level 4.0 Short Blades
 - Level 2.1 Throwing
 + Level 1.9 Dodging
 - Level 5.3 Stealth


You had 3 spell levels left.
You didn't know any spells.
Your spell library contained the following spells:

 Spells                   Type           Power      Damage    Failure   Level
 Apportation              Tloc           0%         N/A       32%         1
 Necrotize                Necr           0%         1d4       32%         1
 Summon Small Mammal      Summ           0%         N/A       32%         1
 Blink                    Tloc           0%         N/A       45%         2
 Lesser Beckoning         Tloc           0%         N/A       69%         3
 Manifold Assault         Tloc           0%         N/A       100%        5


Dungeon Overview and Level Annotations

Branches:
Dungeon (3/15)

Altars:
Fedhas

Shops:
D:1 *


Innate Abilities, Weirdness & Mutations

You are small and have problems with some larger weapons.
You are completely attuned to the shadows.


Message History

There is an open door here.
No target in view!
Partly explored, unopened door.
No target in view!
Partly explored, unopened door.
No target in view!
Partly explored, unopened door.
You open the door.
No target in view!
There is an open door here.
Found a leather armour.
No target in view!
Done exploring.
No target in view!
Done exploring.
No target in view!
Done exploring.
No target in view!
Done exploring.
No target in view!
Done exploring.
No target in view!
Done exploring.
No target in view!
Done exploring.
No target in view!
Done exploring.
No target in view!
Done exploring.
(D) Dungeon
Where to? (Enter - D:2 @ (x,y), ? - help)
There is an open door here.
You see here a +0 robe.
There is a stone staircase leading down here.
You climb downwards.
Found a scroll labelled NYQIAS PYUVOO, 12 gold pieces and a mace.
There is a stone staircase leading up here.
As you read the scroll labelled YMEPLASEAP, it crumbles to dust.
It is a scroll of identify.
f - 2 potions of heal wounds

#### ).#
#
####.#.##
.$..@..?.
######.##
#


There were no monsters in sight!

Vanquished Creatures
  Jessica (D:2)
  2 dart slugs (D:1)
  2 ball pythons (D:1)
  3 endoplasms (D:1)
  3 giant cockroaches
  3 goblins
  6 hobgoblins
  3 jackals (D:1)
  5 kobolds (D:1)
  2 bats (D:1)
  11 frilled lizards
  3 rats (D:1)
44 creatures vanquished.

Vanquished Creatures (others)
  4 plants (D:2)
4 creatures vanquished.

Grand Total: 48 creatures vanquished

Notes
Turn   | Place    | Note
-------+----------+-------------------------------------------
     0 | D:1      | Colgate the Kobold Brigand began the quest for the Orb.
     0 | D:1      | Reached XP level 1. HP: 12/12 MP: 1/1
   107 | D:1      | Reached XP level 2. HP: 17/17 MP: 2/2
   495 | D:1      | Found Isoterad's Assorted Antiques.
   549 | D:1      | Reached XP level 3. HP: 22/22 MP: 3/3
  1038 | D:1      | Found a faded altar of an unknown god.
  1046 | D:1      | Prayed at the altar of an unknown god.
  1046 | D:1      | Became a worshipper of Fedhas Madash
  1046 | D:1      | Reached * piety under Fedhas
  1403 | D:2      | Noticed Jessica
  1407 | D:2      | Killed Jessica
  1408 | D:2      | Reached XP level 4. HP: 29/29 MP: 4/4
  2610 | D:3      | Quit the game

Illustrated notes

Levels and vault maps discovered:
D:1:      lightli_arrival_statue_moat, layout_loops_corners, serial_shops, shop,
          ebering_ecumenical_altar_rust
D:2:      layout_loops_corners, minmay_lizard_king, uniq_jessica
D:3:      layout_basic

Skill      XL: |  1  2  3 |
---------------+----------+-----
Short Blades   | 3 4 |  4.0
Fighting       | 4 |  4.0
Throwing       | |  2.1
Dodging        | |  1.9
Stealth        | |  5.3

Action                   |  1- 3 |  4- 6 || total
-------------------------+-------+-------++-------
Melee: Dagger            |    60 |    33 ||    93
  Use: Scroll            |       |     1 ||     1
 Stab: Sleeping          |    22 |     2 ||    24
Armor: Robe              |     9 |     5 ||    14
Dodge: Dodged            |    20 |    16 ||    36

Table legend: (Time is in decaauts)
 A = Elapsed time spent in this place.
 B = Non-inter-level travel time spent in this place.
 C = Inter-level travel time spent in this place.
 D = Time resting spent in this place.
 E = Time spent auto-exploring this place.
 F = Levels seen in this place.
 G = Mean time per level.
                   A        B        C        D        E       F      G
               +--------+--------+--------+--------+--------+-----+--------+
         Total |   2591 |   2499 |     92 |      0 |   2258 |   3 |  863.7 |
       Dungeon |   2591 |   2499 |     92 |      0 |   2258 |   3 |  863.7 |
               +--------+--------+--------+--------+--------+-----+--------+

Top non-repeatable levels by time:
     D:1: 1342 daAuts
     D:2: 1246 daAuts
     D:3: 1 daAuts
